[ AOE2 MATCH · #477123786 ]
Team RMBerbers vs Hindustanis
[ REPLAY ANALYSIS · EXTRACTED FROM THE RECORDED GAME ]
Feudal
10:38
Castle
14:20
Imperial
27:07
| APM avg | 50.1 |
| APM peak | 118 |
| eAPM avg | 17.4 |
| Villagers / military | 118 / 142 |
Focus
⚔️ 32.8% · 🌾 67.2%
Camel Archer ×135 · Trade Cart ×38 · Trebuchet (Packed) ×7
Feudal
14:12
Castle
28:49
Imperial
38:36
| APM avg | 17.5 |
| APM peak | 44 |
| eAPM avg | 12.1 |
| Villagers / military | 97 / 115 |
Focus
⚔️ 25.8% · 🌾 74.2%
Steppe Lancer ×62 · Battering Ram ×18 · Petard ×16 · Spearman ×13 · Mangonel ×4 · Militia ×2
Feudal
12:54
Castle
23:04
Imperial
38:17
| APM avg | 13.9 |
| APM peak | 45 |
| eAPM avg | 8.5 |
| Villagers / military | 95 / 92 |
Focus
⚔️ 14.9% · 🌾 85.1%
Mameluke ×87 · Trade Cart ×26 · Mangonel ×2 · Battering Ram ×2 · Monk ×1
Feudal
10:39
Castle
20:57
Imperial
37:45
| APM avg | 26.4 |
| APM peak | 60 |
| eAPM avg | 18.6 |
| Villagers / military | 122 / 181 |
Focus
⚔️ 23.1% · 🌾 76.9%
Konnik ×154 · Petard ×20 · Militia ×4 · Battering Ram ×2 · Monk ×1
Feudal
12:42
Castle
23:14
Imperial
32:10
| APM avg | 19.4 |
| APM peak | 114 |
| eAPM avg | 9.8 |
| Villagers / military | 74 / 67 |
Focus
⚔️ 28.8% · 🌾 71.2%
Hussite Wagon ×48 · Bombard Cannon ×19 · Trade Cart ×17
Feudal
13:02
Castle
20:37
Imperial
36:34
| APM avg | 8.8 |
| APM peak | 32 |
| eAPM avg | 5.8 |
| Villagers / military | 94 / 46 |
Focus
⚔️ 25.6% · 🌾 74.4%
Spearman ×28 · Skirmisher ×16 · Trade Cart ×3 · Mangonel ×2
Feudal
12:19
Castle
22:45
Imperial
43:24
| APM avg | 27.3 |
| APM peak | 66 |
| eAPM avg | 12.6 |
| Villagers / military | 89 / 15 |
Focus
⚔️ 48.3% · 🌾 51.7%
Unknown (2550) ×208 · Spearman ×15
Feudal
12:39
Castle
16:17
Imperial
35:11
| APM avg | 31.8 |
| APM peak | 85 |
| eAPM avg | 20.0 |
| Villagers / military | 170 / 189 |
Focus
⚔️ 29.6% · 🌾 70.4%
Camel Scout ×166 · Ghulam ×20 · Trade Cart ×5 · Trebuchet (Packed) ×3
Match map
Initial resources + every placement click. Lines = walls · curves = elevation contours. ◆ gold · ⬟ stone · ● berries · ✦ relic · ◌ wall gap
Your base· ✓ Closed at 14:20 · 0t walls · 3 gate(s)
KOMODOR's base· ✓ Closed at 28:49 · 0t walls · 3 gate(s)
fbaha's base· ✓ Closed at 23:04 · 0t walls · 2 gate(s)
Darkwarrior's base· ✓ Closed at 20:57 · 0t walls · 2 gate(s)
aDiGe's base· ✓ Closed at 23:14 · 21t walls · 5 gate(s)
kerems's base· ✓ Closed at 20:37 · 59t walls · 4 gate(s)
CIA's base· ✓ Closed at 22:45 · 1t walls · 3 gate(s)
zeron's base· ✓ Closed at 16:17 · 51t walls · 4 gate(s)
Smoothed initial terrain · ◌ = detected wall gap · hover for details
Inputs per minute
— 中年不油妮 - - KOMODOR
Build order — 中年不油妮
First 150 of 463 actions detected
| 0:01 | Create | Villager (Male) |
| 0:02 | Create | Villager (Male) |
| 0:02 | Create | Villager (Male) |
| 0:06 | Build | House |
| 0:08 | Build | House |
| 0:11 | Create | Villager (Male) |
| 0:11 | Create | Villager (Male) |
| 1:29 | Create | Villager (Male) |
| 1:50 | Build | Lumber Camp |
| 2:08 | Create | Villager (Male) |
| 2:26 | Create | Villager (Male) |
| 2:51 | Create | Villager (Male) |
| 3:08 | Create | Villager (Male) |
| 3:52 | Create | Villager (Male) |
| 4:00 | Build | House |
| 4:13 | Create | Villager (Male) |
| 4:34 | Create | Villager (Male) |
| 5:08 | Create | Villager (Male) |
| 5:20 | Create | Villager (Male) |
| 5:41 | Build | Mill |
| 5:49 | Create | Villager (Male) |
| 5:51 | Create | Villager (Male) |
| 5:54 | Build | House |
| 6:38 | Create | Villager (Male) |
| 6:39 | Create | Villager (Male) |
| 7:32 | Create | Villager (Male) |
| 7:40 | Create | Villager (Male) |
| 8:11 | Build | Mining Camp |
| 8:16 | Build | Mining Camp |
| 8:18 | Research | Feudal Age |
| 9:19 | Create | Villager (Male) |
| 9:20 | Create | Villager (Male) |
| 9:25 | Build | House |
| 10:38 | Age | Feudal Age |
| 10:46 | Build | Market |
| 11:01 | Build | Blacksmith |
| 11:38 | Research | Loom |
| 11:40 | Research | Castle Age |
| 11:47 | Build | House |
| 11:51 | Research | Double-Bit Axe |
| 11:51 | Research | Double-Bit Axe |
| 12:15 | Research | Horse Collar |
| 12:33 | Build | Farm |
| 12:35 | Build | Farm |
| 12:56 | Build | Farm |
| 12:58 | Build | Farm |
| 13:04 | Build | Farm |
| 13:15 | Build | Farm |
| 13:18 | Build | Farm |
| 14:13 | Create | Villager (Male) |
| 14:13 | Create | Villager (Male) |
| 14:20 | Age | Castle Age |
| 14:22 | Build | Town Center |
| 14:45 | Build | Farm |
| 14:48 | Build | Farm |
| 14:50 | Build | Farm |
| 14:53 | Build | Farm |
| 14:58 | Create | Villager (Male) |
| 15:02 | Research | Bow Saw |
| 15:18 | Build | Farm |
| 15:26 | Create | Villager (Male) |
| 15:46 | Create | Villager (Male) |
| 15:51 | Build | Farm |
| 15:54 | Build | Farm |
| 15:56 | Build | Farm |
| 15:59 | Create | Villager (Male) |
| 16:00 | Create | Villager (Male) |
| 16:05 | Build | Farm |
| 16:21 | Create | Villager (Male) |
| 16:23 | Create | Villager (Male) |
| 16:26 | Build | Farm |
| 16:29 | Build | Farm |
| 16:36 | Build | House |
| 16:43 | Create | Villager (Male) |
| 16:44 | Create | Villager (Male) |
| 17:04 | Build | Lumber Camp |
| 17:09 | Create | Villager (Male) |
| 17:10 | Create | Villager (Male) |
| 17:38 | Build | Town Center |
| 17:40 | Create | Villager (Male) |
| 17:42 | Create | Villager (Male) |
| 17:49 | Build | Farm |
| 17:57 | Build | Farm |
| 18:02 | Build | Farm |
| 18:04 | Create | Villager (Male) |
| 18:05 | Create | Villager (Male) |
| 18:06 | Create | Villager (Male) |
| 18:27 | Create | Villager (Male) |
| 18:28 | Create | Villager (Male) |
| 18:31 | Build | House |
| 18:44 | Build | Farm |
| 18:48 | Build | Farm |
| 18:51 | Build | Farm |
| 18:53 | Create | Villager (Male) |
| 19:01 | Build | House |
| 19:05 | Create | Villager (Male) |
| 19:16 | Build | Farm |
| 19:20 | Research | Wheelbarrow |
| 19:21 | Create | Villager (Male) |
| 19:24 | Build | Farm |
| 19:25 | Build | Farm |
| 19:29 | Build | Farm |
| 19:29 | Build | Farm |
| 19:30 | Create | Villager (Male) |
| 19:31 | Create | Villager (Male) |
| 19:33 | Build | Farm |
| 19:37 | Create | Villager (Male) |
| 19:50 | Create | Villager (Male) |
| 19:51 | Create | Villager (Male) |
| 19:53 | Build | Farm |
| 20:05 | Build | Mining Camp |
| 20:08 | Create | Villager (Male) |
| 20:11 | Create | Villager (Male) |
| 20:14 | Research | Gold Mining |
| 20:14 | Research | Gold Mining |
| 20:17 | Create | Villager (Male) |
| 20:43 | Build | Farm |
| 20:59 | Research | Hand Cart |
| 21:00 | Create | Villager (Male) |
| 21:03 | Research | Gold Shaft Mining |
| 21:03 | Research | Gold Shaft Mining |
| 21:05 | Create | Villager (Male) |
| 21:10 | Research | Stone Mining |
| 21:15 | Build | House |
| 21:15 | Build | House |
| 21:25 | Create | Villager (Male) |
| 21:36 | Create | Villager (Male) |
| 21:36 | Create | Villager (Male) |
| 21:37 | Create | Villager (Male) |
| 21:50 | Build | House |
| 21:51 | Build | House |
| 21:51 | Build | House |
| 21:52 | Build | House |
| 22:12 | Build | Monastery |
| 22:15 | Create | Villager (Male) |
| 22:15 | Create | Villager (Male) |
| 22:16 | Create | Villager (Male) |
| 22:34 | Create | Villager (Male) |
| 22:34 | Create | Villager (Male) |
| 22:35 | Create | Villager (Male) |
| 22:41 | Build | University |
| 22:44 | Create | Villager (Male) |
| 22:45 | Create | Villager (Male) |
| 22:46 | Create | Villager (Male) |
| 23:16 | Build | Farm |
| 23:19 | Build | Farm |
| 23:29 | Create | Villager (Male) |
| 23:29 | Create | Villager (Male) |
| 23:30 | Create | Villager (Male) |
| 23:53 | Research | Imperial Age |
Build order — KOMODOR
First 150 of 277 actions detected
| 0:03 | Build | House |
| 0:04 | Build | House |
| 0:05 | Create | Villager (Male) |
| 0:05 | Create | Villager (Male) |
| 0:06 | Create | Villager (Male) |
| 0:06 | Create | Villager (Male) |
| 1:39 | Create | Villager (Male) |
| 1:51 | Build | Lumber Camp |
| 2:04 | Create | Villager (Male) |
| 2:37 | Create | Villager (Male) |
| 2:52 | Create | Villager (Male) |
| 3:21 | Create | Villager (Male) |
| 3:46 | Create | Villager (Male) |
| 4:01 | Build | House |
| 4:03 | Build | House |
| 4:11 | Build | House |
| 4:14 | Create | Villager (Male) |
| 5:06 | Create | Villager (Male) |
| 5:37 | Create | Villager (Male) |
| 6:03 | Create | Villager (Male) |
| 6:03 | Create | Villager (Male) |
| 6:36 | Create | Villager (Male) |
| 6:57 | Build | Lumber Camp |
| 7:13 | Create | Villager (Male) |
| 7:13 | Create | Villager (Male) |
| 8:01 | Create | Villager (Male) |
| 8:04 | Create | Villager (Male) |
| 8:29 | Build | Mill |
| 8:35 | Build | Mill |
| 8:38 | Create | Villager (Male) |
| 8:38 | Create | Villager (Male) |
| 8:57 | Build | Barracks |
| 9:03 | Create | Villager (Male) |
| 9:12 | Build | Mining Camp |
| 9:21 | Create | Villager (Male) |
| 9:58 | Create | Villager (Male) |
| 10:18 | Create | Villager (Male) |
| 10:24 | Create | Militia |
| 10:24 | Create | Militia |
| 10:39 | Create | Villager (Male) |
| 10:47 | Build | House |
| 10:48 | Build | House |
| 12:02 | Research | Feudal Age |
| 13:10 | Research | Loom |
| 13:32 | Create | Villager (Male) |
| 13:34 | Create | Villager (Male) |
| 14:12 | Age | Feudal Age |
| 14:13 | Build | Blacksmith |
| 14:19 | Create | Spearman |
| 14:19 | Create | Spearman |
| 14:19 | Create | Spearman |
| 14:20 | Create | Spearman |
| 14:32 | Build | Farm |
| 14:33 | Build | Farm |
| 14:36 | Build | Farm |
| 14:40 | Build | Farm |
| 14:41 | Build | Farm |
| 14:43 | Build | Farm |
| 14:48 | Build | Siege Workshop |
| 14:51 | Build | Siege Workshop |
| 14:57 | Create | Villager (Male) |
| 15:07 | Build | Mining Camp |
| 15:21 | Create | Battering Ram |
| 15:22 | Create | Battering Ram |
| 15:27 | Create | Villager (Male) |
| 15:28 | Create | Villager (Male) |
| 15:50 | Create | Battering Ram |
| 15:58 | Create | Villager (Male) |
| 15:58 | Create | Villager (Male) |
| 16:03 | Create | Spearman |
| 16:09 | Research | Scale Mail Armor |
| 16:10 | Research | Forging |
| 16:23 | Build | House |
| 16:25 | Build | House |
| 16:25 | Build | House |
| 16:35 | Create | Battering Ram |
| 16:35 | Create | Battering Ram |
| 16:41 | Create | Spearman |
| 16:50 | Create | Villager (Male) |
| 16:53 | Create | Villager (Male) |
| 17:13 | Create | Battering Ram |
| 17:22 | Create | Spearman |
| 17:22 | Create | Spearman |
| 17:41 | Build | Farm |
| 17:44 | Build | Farm |
| 17:46 | Build | Farm |
| 17:48 | Create | Villager (Male) |
| 18:44 | Create | Villager (Male) |
| 18:44 | Create | Villager (Male) |
| 18:52 | Create | Battering Ram ×2 |
| 18:52 | Create | Battering Ram ×2 |
| 20:36 | Create | Battering Ram ×4 |
| 20:36 | Create | Battering Ram ×4 |
| 20:43 | Create | Spearman |
| 20:43 | Create | Spearman |
| 20:43 | Create | Spearman |
| 20:43 | Create | Spearman |
| 21:03 | Create | Villager (Male) |
| 21:03 | Create | Villager (Male) |
| 21:03 | Create | Villager (Male) |
| 21:10 | Research | Horse Collar |
| 21:12 | Create | Villager (Male) |
| 21:33 | Create | Spearman |
| 21:35 | Build | Farm |
| 21:36 | Create | Villager (Male) |
| 21:59 | Build | Farm |
| 22:00 | Create | Villager (Male) |
| 22:02 | Build | Farm |
| 22:03 | Build | Farm |
| 22:09 | Build | House |
| 22:09 | Build | House |
| 22:09 | Build | House |
| 22:09 | Build | House |
| 22:09 | Build | House |
| 22:30 | Build | Farm |
| 22:30 | Create | Villager (Male) |
| 22:51 | Build | Farm |
| 22:52 | Create | Villager (Male) |
| 23:23 | Build | Farm |
| 23:24 | Create | Villager (Male) |
| 23:41 | Build | Farm |
| 24:34 | Build | Farm |
| 24:36 | Build | Farm |
| 24:37 | Build | Farm |
| 24:39 | Build | Farm |
| 24:41 | Create | Villager (Male) |
| 24:59 | Create | Villager (Male) |
| 25:49 | Build | House |
| 25:51 | Build | House |
| 25:57 | Build | House |
| 26:10 | Research | Castle Age |
| 26:25 | Build | Farm |
| 27:17 | Build | Lumber Camp |
| 27:59 | Research | Scale Barding Armor |
| 28:19 | Build | Town Center |
| 28:25 | Create | Villager (Male) |
| 28:25 | Create | Villager (Male) |
| 28:26 | Create | Villager (Male) |
| 28:27 | Create | Villager (Male) |
| 28:49 | Age | Castle Age |
| 29:19 | Create | Mangonel ×4 |
| 29:28 | Create | Villager (Male) |
| 29:31 | Create | Villager (Male) |
| 29:31 | Create | Villager (Male) |
| 29:32 | Create | Villager (Male) |
| 29:41 | Create | Villager (Male) |
| 29:42 | Create | Villager (Male) |
| 30:48 | Build | Castle |
| 30:59 | Build | Lumber Camp |
| 31:10 | Build | Farm |
Build order — fbaha
First 150 of 270 actions detected
| 0:12 | Build | House |
| 0:14 | Research | Loom |
| 0:14 | Create | Villager (Male) |
| 0:14 | Create | Villager (Male) |
| 0:15 | Create | Villager (Male) |
| 0:15 | Create | Villager (Male) |
| 0:24 | Build | House |
| 2:18 | Create | Villager (Male) |
| 2:49 | Create | Villager (Male) |
| 3:14 | Create | Villager (Male) |
| 3:38 | Create | Villager (Male) |
| 3:46 | Build | House |
| 3:48 | Build | House |
| 3:49 | Build | House |
| 4:06 | Create | Villager (Male) |
| 4:28 | Create | Villager (Male) |
| 4:46 | Create | Villager (Male) |
| 5:05 | Build | Mill |
| 5:11 | Build | House |
| 5:14 | Build | House |
| 5:18 | Create | Villager (Male) |
| 6:03 | Create | Villager (Male) |
| 6:19 | Create | Villager (Male) |
| 6:24 | Build | House |
| 6:42 | Create | Villager (Male) |
| 6:55 | Create | Villager (Male) |
| 7:06 | Build | Lumber Camp |
| 7:10 | Create | Villager (Male) |
| 7:58 | Create | Villager (Male) |
| 7:59 | Create | Villager (Male) |
| 8:19 | Create | Villager (Male) |
| 8:53 | Create | Villager (Male) |
| 9:04 | Build | House |
| 9:08 | Build | House |
| 9:16 | Build | House |
| 9:18 | Build | House |
| 9:24 | Build | House |
| 9:36 | Build | Mill |
| 10:05 | Create | Villager (Male) |
| 10:25 | Build | Mining Camp |
| 10:25 | Build | Mining Camp |
| 10:44 | Research | Feudal Age |
| 11:52 | Create | Villager (Male) |
| 12:22 | Build | Outpost |
| 12:54 | Age | Feudal Age |
| 12:55 | Research | Double-Bit Axe |
| 12:56 | Research | Horse Collar |
| 13:02 | Create | Villager (Male) |
| 13:03 | Create | Villager (Male) |
| 13:26 | Build | Mining Camp |
| 13:35 | Create | Villager (Male) |
| 13:35 | Create | Villager (Male) |
| 13:57 | Build | Mining Camp |
| 14:29 | Create | Villager (Male) |
| 14:30 | Create | Villager (Male) |
| 14:42 | Build | Farm |
| 14:44 | Build | Farm |
| 14:44 | Build | Farm |
| 14:46 | Build | Farm |
| 14:47 | Build | Farm |
| 14:49 | Build | Farm |
| 14:54 | Build | Mining Camp |
| 15:00 | Research | Gold Mining |
| 15:00 | Research | Stone Mining |
| 15:14 | Build | Market |
| 15:15 | Build | Market |
| 15:34 | Build | Watch Tower |
| 15:43 | Create | Villager (Male) |
| 15:43 | Create | Villager (Male) |
| 16:19 | Research | Wheelbarrow |
| 16:32 | Build | Blacksmith |
| 16:32 | Build | Blacksmith |
| 16:35 | Build | Blacksmith |
| 16:52 | Build | Farm |
| 16:54 | Build | Farm |
| 16:55 | Build | Farm |
| 16:56 | Build | Farm |
| 16:58 | Build | Farm |
| 16:58 | Build | Farm |
| 17:18 | Build | Watch Tower |
| 17:31 | Create | Villager (Male) |
| 17:32 | Create | Villager (Male) |
| 17:32 | Create | Villager (Male) |
| 17:32 | Create | Villager (Male) |
| 18:08 | Build | Mining Camp |
| 18:08 | Build | Mining Camp |
| 18:30 | Build | Lumber Camp |
| 19:27 | Build | Watch Tower |
| 19:33 | Create | Villager (Male) |
| 19:36 | Create | Villager (Male) |
| 20:15 | Research | Castle Age |
| 21:11 | Build | House |
| 21:13 | Build | House |
| 21:15 | Build | House |
| 21:17 | Build | House |
| 21:21 | Create | Villager (Male) |
| 21:21 | Create | Villager (Male) |
| 21:33 | Build | Lumber Camp |
| 23:04 | Age | Castle Age |
| 23:13 | Research | Heavy Plow |
| 23:14 | Research | Bow Saw |
| 23:17 | Create | Villager (Male) |
| 23:18 | Create | Villager (Male) |
| 23:28 | Build | Town Center |
| 23:38 | Build | Monastery |
| 23:41 | Build | University |
| 23:41 | Build | University |
| 23:52 | Create | Villager (Male) |
| 23:52 | Create | Villager (Male) |
| 23:54 | Research | Gold Shaft Mining |
| 23:57 | Create | Villager (Male) |
| 23:57 | Create | Villager (Male) |
| 24:01 | Build | House |
| 24:02 | Build | House |
| 24:03 | Build | House |
| 24:05 | Build | House |
| 24:54 | Build | Farm |
| 24:55 | Build | Farm |
| 24:58 | Build | Farm |
| 25:01 | Build | Farm |
| 25:02 | Create | Villager (Male) |
| 25:03 | Create | Villager (Male) |
| 25:04 | Create | Villager (Male) |
| 25:04 | Create | Villager (Male) |
| 25:08 | Research | Hand Cart |
| 25:33 | Build | Farm |
| 25:35 | Create | Villager (Male) |
| 25:35 | Create | Villager (Male) |
| 25:41 | Create | Monk |
| 25:42 | Research | Fervor |
| 25:46 | Research | Treadmill Crane |
| 25:55 | Build | Castle |
| 26:02 | Build | Farm |
| 26:21 | Build | Farm |
| 26:23 | Create | Villager (Male) |
| 26:23 | Create | Villager (Male) |
| 26:29 | Create | Villager (Male) |
| 26:30 | Create | Villager (Male) |
| 26:30 | Create | Villager (Male) |
| 26:30 | Create | Villager (Male) |
| 26:31 | Create | Villager (Male) |
| 26:50 | Build | Farm |
| 27:08 | Build | Siege Workshop |
| 27:10 | Build | Siege Workshop |
| 27:16 | Build | Farm |
| 27:22 | Create | Villager (Male) |
| 27:35 | Build | Farm |
| 27:40 | Research | Caravan |
| 27:42 | Create | Trade Cart |
| 27:42 | Create | Trade Cart |
Build order — Darkwarrior
First 150 of 439 actions detected
| 0:01 | Create | Villager (Male) |
| 0:02 | Create | Villager (Male) |
| 0:02 | Create | Villager (Male) |
| 0:02 | Create | Villager (Male) |
| 0:04 | Build | House |
| 0:09 | Build | House |
| 1:32 | Create | Villager (Male) |
| 2:04 | Create | Villager (Male) |
| 2:05 | Create | Villager (Male) |
| 2:11 | Build | Lumber Camp |
| 2:13 | Create | Villager (Male) |
| 2:14 | Create | Villager (Male) |
| 2:45 | Create | Villager (Male) |
| 2:45 | Create | Villager (Male) |
| 2:58 | Create | Villager (Male) |
| 2:59 | Create | Villager (Male) |
| 3:31 | Create | Villager (Male) |
| 3:32 | Create | Villager (Male) |
| 3:52 | Create | Villager (Male) |
| 3:52 | Create | Villager (Male) |
| 3:56 | Build | House |
| 4:41 | Create | Villager (Male) |
| 4:41 | Create | Villager (Male) |
| 4:42 | Create | Villager (Male) |
| 4:46 | Build | Mill |
| 5:48 | Create | Villager (Male) |
| 5:49 | Create | Villager (Male) |
| 6:05 | Build | House |
| 6:34 | Build | House |
| 6:40 | Create | Villager (Male) |
| 6:41 | Create | Villager (Male) |
| 7:30 | Create | Villager (Male) |
| 7:33 | Build | Farm |
| 8:04 | Create | Villager (Male) |
| 8:07 | Build | Farm |
| 8:25 | Research | Feudal Age |
| 9:15 | Build | Mining Camp |
| 10:39 | Age | Feudal Age |
| 10:40 | Research | Double-Bit Axe |
| 10:46 | Build | Barracks |
| 10:50 | Create | Villager (Male) |
| 11:08 | Create | Villager (Male) |
| 11:29 | Build | Lumber Camp |
| 11:33 | Create | Villager (Male) |
| 11:59 | Build | Farm |
| 12:01 | Create | Militia |
| 12:02 | Create | Militia |
| 12:02 | Create | Militia |
| 12:07 | Build | House |
| 12:11 | Create | Villager (Male) |
| 12:34 | Build | House |
| 12:42 | Build | Farm |
| 12:43 | Create | Villager (Male) |
| 12:52 | Build | House |
| 12:55 | Create | Villager (Male) |
| 13:13 | Create | Militia |
| 13:40 | Build | House |
| 13:41 | Create | Villager (Male) |
| 13:42 | Create | Villager (Male) |
| 13:43 | Create | Villager (Male) |
| 13:46 | Build | Farm |
| 13:49 | Build | Farm |
| 14:01 | Research | Horse Collar |
| 14:09 | Create | Villager (Male) |
| 14:13 | Build | Farm |
| 14:22 | Build | Market |
| 14:37 | Build | Farm |
| 14:59 | Create | Villager (Male) |
| 15:04 | Build | Farm |
| 15:08 | Create | Villager (Male) |
| 15:19 | Build | Farm |
| 15:23 | Build | Farm |
| 15:43 | Build | Farm |
| 15:55 | Build | Farm |
| 15:57 | Build | Farm |
| 15:58 | Build | Farm |
| 15:59 | Build | Farm |
| 15:59 | Build | Farm |
| 16:00 | Build | Farm |
| 16:07 | Create | Villager (Male) |
| 16:19 | Create | Villager (Male) |
| 16:35 | Build | Farm |
| 16:41 | Build | Mining Camp |
| 16:49 | Create | Villager (Male) |
| 17:25 | Create | Villager (Male) |
| 17:39 | Create | Villager (Male) |
| 17:46 | Build | Blacksmith |
| 17:56 | Build | Farm |
| 18:12 | Research | Castle Age |
| 18:13 | Research | Castle Age |
| 18:28 | Research | Stone Mining |
| 18:29 | Research | Stone Mining |
| 18:29 | Research | Stone Mining |
| 18:53 | Research | Scale Barding Armor |
| 20:01 | Research | Gold Mining |
| 20:05 | Research | Forging |
| 20:57 | Age | Castle Age |
| 21:01 | Build | Krepost |
| 21:03 | Create | Villager (Male) |
| 21:04 | Create | Villager (Male) |
| 21:09 | Build | Town Center |
| 21:26 | Build | Mining Camp |
| 21:35 | Build | Farm |
| 21:39 | Research | Bow Saw |
| 21:39 | Research | Bow Saw |
| 21:48 | Research | Heavy Plow |
| 22:09 | Create | Villager (Male) |
| 22:09 | Create | Villager (Male) |
| 22:11 | Create | Villager (Male) |
| 22:14 | Create | Villager (Male) |
| 22:14 | Create | Villager (Male) |
| 22:15 | Create | Villager (Male) |
| 22:25 | Create | Villager (Male) |
| 22:31 | Build | Farm |
| 22:47 | Research | Scale Mail Armor |
| 22:52 | Research | Chain Barding Armor |
| 22:54 | Create | Villager (Male) |
| 22:55 | Create | Villager (Male) |
| 23:01 | Create | Konnik |
| 23:02 | Create | Konnik |
| 23:02 | Create | Konnik |
| 23:02 | Create | Konnik |
| 23:02 | Create | Konnik |
| 23:03 | Create | Konnik |
| 23:21 | Create | Villager (Male) |
| 23:26 | Create | Villager (Male) |
| 23:47 | Create | Villager (Male) |
| 23:57 | Build | Mill |
| 24:04 | Build | Stable |
| 24:11 | Create | Villager (Male) |
| 24:15 | Create | Villager (Male) |
| 24:23 | Create | Konnik |
| 24:26 | Create | Konnik |
| 24:27 | Create | Konnik |
| 24:28 | Create | Konnik |
| 24:28 | Create | Konnik |
| 24:28 | Create | Konnik |
| 24:37 | Build | House |
| 24:37 | Build | House |
| 24:37 | Build | House |
| 24:38 | Build | House |
| 24:38 | Build | House |
| 24:38 | Build | House |
| 24:39 | Build | House |
| 24:39 | Build | House |
| 24:40 | Build | House |
| 24:40 | Build | House |
| 24:41 | Build | House |
| 24:42 | Build | House |
| 24:43 | Build | House |
Build order — aDiGe
First 150 of 244 actions detected
| 0:06 | Build | House |
| 0:08 | Research | Loom |
| 0:16 | Create | Villager (Male) |
| 0:16 | Create | Villager (Male) |
| 0:16 | Create | Villager (Male) |
| 0:16 | Create | Villager (Male) |
| 1:13 | Build | House |
| 1:43 | Build | House |
| 1:44 | Build | House |
| 1:45 | Build | House |
| 1:46 | Build | House |
| 2:32 | Create | Villager (Male) |
| 2:33 | Create | Villager (Male) |
| 2:33 | Create | Villager (Male) |
| 3:22 | Create | Villager (Male) |
| 3:46 | Build | House |
| 3:50 | Create | Villager (Male) |
| 4:12 | Create | Villager (Male) |
| 4:12 | Create | Villager (Male) |
| 4:22 | Create | Villager (Male) |
| 4:37 | Build | Mill |
| 4:44 | Create | Villager (Male) |
| 5:13 | Create | Villager (Male) |
| 5:31 | Create | Villager (Male) |
| 5:31 | Create | Villager (Male) |
| 6:29 | Create | Villager (Male) |
| 6:30 | Create | Villager (Male) |
| 6:32 | Create | Villager (Male) |
| 7:18 | Create | Villager (Male) |
| 7:18 | Create | Villager (Male) |
| 7:25 | Build | Lumber Camp |
| 7:51 | Create | Villager (Male) |
| 8:04 | Create | Villager (Male) |
| 8:25 | Create | Villager (Male) |
| 8:49 | Create | Villager (Male) |
| 10:32 | Research | Feudal Age |
| 11:32 | Create | Villager (Male) |
| 11:32 | Create | Villager (Male) |
| 11:33 | Create | Villager (Male) |
| 12:37 | Create | Villager (Male) |
| 12:37 | Create | Villager (Male) |
| 12:39 | Create | Villager (Male) |
| 12:39 | Create | Villager (Male) |
| 12:40 | Create | Villager (Male) |
| 12:42 | Age | Feudal Age |
| 13:00 | Build | Stone Wall |
| 13:09 | Build | Stone Wall |
| 13:14 | Build | Gate |
| 13:20 | Build | Farm |
| 13:21 | Build | Farm |
| 13:22 | Build | Farm |
| 13:23 | Build | Farm |
| 13:25 | Build | Farm |
| 13:26 | Build | Farm |
| 13:28 | Build | Farm |
| 13:29 | Build | Farm |
| 13:31 | Build | Farm |
| 13:33 | Build | Farm |
| 13:35 | Build | Farm |
| 13:43 | Build | Mining Camp |
| 13:46 | Create | Villager (Male) |
| 13:46 | Create | Villager (Male) |
| 13:50 | Research | Horse Collar |
| 14:43 | Build | Market |
| 14:49 | Build | Mining Camp |
| 14:54 | Create | Villager (Male) |
| 14:54 | Create | Villager (Male) |
| 15:14 | Research | Double-Bit Axe |
| 15:37 | Create | Villager (Male) |
| 15:50 | Build | Blacksmith |
| 16:04 | Build | Mining Camp |
| 16:15 | Create | Villager (Male) |
| 16:15 | Create | Villager (Male) |
| 17:20 | Build | House |
| 17:34 | Build | Mining Camp |
| 17:49 | Build | Gate |
| 18:15 | Build | House |
| 18:15 | Build | House |
| 18:16 | Build | House |
| 18:17 | Build | House |
| 18:18 | Build | House |
| 19:19 | Create | Villager (Male) |
| 19:20 | Create | Villager (Male) |
| 19:20 | Create | Villager (Male) |
| 19:44 | Build | Lumber Camp |
| 19:54 | Build | Farm |
| 20:08 | Build | Barracks |
| 20:31 | Build | Farm |
| 20:34 | Research | Castle Age |
| 20:39 | Build | Farm |
| 20:45 | Build | House |
| 21:14 | Research | Man-at-Arms (upgrade) |
| 21:27 | Build | House |
| 22:16 | Build | House |
| 22:51 | Build | House |
| 23:06 | Research | Padded Archer Armor |
| 23:07 | Research | Fletching |
| 23:14 | Age | Castle Age |
| 23:20 | Create | Villager (Male) |
| 23:20 | Create | Villager (Male) |
| 23:21 | Create | Villager (Male) |
| 23:21 | Create | Villager (Male) |
| 23:35 | Build | Town Center |
| 23:38 | Create | Villager (Male) |
| 24:04 | Build | Stone Wall |
| 24:20 | Build | Stone Wall |
| 24:25 | Build | Farm |
| 24:26 | Build | Farm |
| 24:29 | Create | Villager (Male) |
| 24:32 | Create | Villager (Male) |
| 24:32 | Create | Villager (Male) |
| 24:33 | Create | Villager (Male) |
| 24:33 | Create | Villager (Male) |
| 24:51 | Build | Castle |
| 24:59 | Build | Farm |
| 25:04 | Create | Villager (Male) |
| 25:04 | Create | Villager (Male) |
| 25:09 | Build | Farm |
| 25:23 | Create | Villager (Male) |
| 25:29 | Create | Villager (Male) |
| 25:34 | Build | Farm |
| 25:57 | Create | Villager (Male) |
| 26:05 | Build | Farm |
| 26:11 | Create | Villager (Male) |
| 26:27 | Create | Villager (Male) |
| 26:35 | Build | Lumber Camp |
| 26:38 | Create | Villager (Male) |
| 27:00 | Build | Town Center |
| 27:21 | Research | Bow Saw |
| 27:30 | Research | Caravan |
| 27:30 | Create | Trade Cart ×5 |
| 27:31 | Create | Trade Cart ×3 |
| 28:20 | Build | University |
| 29:00 | Research | Imperial Age |
| 29:02 | Create | Villager (Male) |
| 29:02 | Create | Villager (Male) |
| 29:21 | Build | Castle |
| 30:10 | Research | Chemistry |
| 30:57 | Create | Villager (Male) |
| 30:57 | Create | Villager (Male) |
| 30:57 | Create | Villager (Male) |
| 31:13 | Build | Castle |
| 31:22 | Create | Villager (Male) |
| 31:29 | Research | Leather Archer Armor |
| 31:31 | Create | Trade Cart |
| 31:32 | Create | Trade Cart |
| 31:43 | Research | Murder Holes |
| 31:48 | Build | Mining Camp |
| 31:54 | Create | Villager (Male) |
| 32:10 | Age | Imperial Age |
Build order — kerems
First 150 of 186 actions detected
| 0:08 | Create | Villager (Male) ×4 |
| 0:08 | Research | Loom |
| 0:12 | Build | House |
| 0:46 | Build | House |
| 1:21 | Build | House |
| 1:40 | Create | Villager (Male) |
| 1:54 | Build | Lumber Camp |
| 2:10 | Create | Villager (Male) |
| 2:10 | Create | Villager (Male) |
| 3:02 | Create | Villager (Male) |
| 3:42 | Create | Villager (Male) ×2 |
| 3:43 | Create | Villager (Male) ×2 |
| 4:02 | Build | Palisade Wall |
| 4:12 | Create | Villager (Male) |
| 4:12 | Create | Villager (Male) |
| 4:29 | Create | Villager (Male) |
| 4:53 | Create | Villager (Male) |
| 4:54 | Create | Villager (Male) |
| 5:09 | Create | Villager (Male) |
| 5:09 | Create | Villager (Male) |
| 5:19 | Build | Mill |
| 5:27 | Create | Villager (Male) |
| 5:27 | Create | Villager (Male) |
| 5:57 | Build | House |
| 6:16 | Create | Villager (Male) ×2 |
| 6:17 | Create | Villager (Male) ×2 |
| 6:53 | Create | Villager (Male) |
| 6:53 | Create | Villager (Male) |
| 7:05 | Build | House |
| 7:42 | Create | Villager (Male) |
| 8:05 | Create | Villager (Male) |
| 8:05 | Create | Villager (Male) |
| 8:08 | Create | Villager (Male) |
| 8:08 | Create | Villager (Male) |
| 8:30 | Build | Mill |
| 8:35 | Build | House |
| 8:43 | Build | Mining Camp |
| 9:09 | Build | Outpost |
| 9:18 | Build | House |
| 10:39 | Build | House |
| 10:42 | Create | Villager (Male) ×5 |
| 10:43 | Create | Villager (Male) ×5 |
| 10:51 | Research | Feudal Age |
| 11:11 | Build | Mining Camp |
| 11:17 | Build | Mining Camp |
| 11:41 | Build | Palisade Gate |
| 11:47 | Build | House |
| 12:54 | Build | House |
| 13:02 | Age | Feudal Age |
| 13:13 | Build | Stone Wall |
| 14:50 | Build | Market |
| 15:19 | Build | Market |
| 15:49 | Build | Gate |
| 16:26 | Create | Villager (Male) |
| 17:09 | Build | Blacksmith |
| 17:35 | Build | House |
| 17:36 | Build | House |
| 17:36 | Build | House |
| 17:37 | Build | House |
| 17:37 | Build | House |
| 17:37 | Build | House |
| 17:57 | Research | Castle Age |
| 18:08 | Build | Farm |
| 18:09 | Build | Farm |
| 19:13 | Build | Outpost |
| 19:19 | Build | Barracks |
| 19:39 | Build | Farm |
| 19:40 | Build | Farm |
| 19:42 | Build | Farm |
| 19:43 | Build | Farm |
| 19:52 | Build | Outpost |
| 20:10 | Build | House |
| 20:30 | Research | Double-Bit Axe |
| 20:32 | Research | Horse Collar |
| 20:37 | Age | Castle Age |
| 20:55 | Build | Siege Workshop |
| 21:12 | Create | Villager (Male) ×5 |
| 21:27 | Build | Gate |
| 21:35 | Build | Gate |
| 21:44 | Create | Mangonel |
| 22:10 | Create | Villager (Male) |
| 22:37 | Create | Mangonel |
| 22:51 | Create | Villager (Male) ×3 |
| 23:10 | Build | Stone Wall |
| 23:21 | Build | Town Center |
| 23:32 | Build | Lumber Camp |
| 23:53 | Build | Town Center |
| 24:09 | Research | Gold Mining |
| 24:13 | Research | Stone Mining |
| 24:18 | Create | Villager (Male) |
| 25:29 | Create | Villager (Male) ×3 |
| 25:29 | Create | Villager (Male) ×3 |
| 25:41 | Build | University |
| 26:07 | Build | Outpost |
| 26:16 | Create | Villager (Male) ×2 |
| 26:16 | Create | Villager (Male) ×2 |
| 26:33 | Build | Farm |
| 26:37 | Build | Farm |
| 27:07 | Research | Fortified Wall (upgrade) |
| 27:45 | Build | Gate |
| 27:56 | Create | Villager (Male) ×2 |
| 27:56 | Create | Villager (Male) ×2 |
| 28:23 | Build | Farm |
| 28:24 | Build | Farm |
| 28:25 | Build | Farm |
| 28:26 | Build | Farm |
| 28:28 | Build | Farm |
| 28:28 | Build | Farm |
| 28:29 | Build | Farm |
| 28:30 | Build | Farm |
| 28:32 | Build | Farm |
| 28:35 | Build | Farm |
| 28:46 | Create | Villager (Male) ×2 |
| 28:52 | Create | Trade Cart |
| 28:59 | Research | Town Watch |
| 29:16 | Build | Stone Wall |
| 29:23 | Build | Stone Wall |
| 29:49 | Research | Squires |
| 29:50 | Research | Pikeman (upgrade) |
| 30:13 | Research | Heavy Plow |
| 30:22 | Create | Trade Cart |
| 30:23 | Create | Trade Cart |
| 31:23 | Build | Farm |
| 31:25 | Build | Farm |
| 31:46 | Build | Gate |
| 33:24 | Research | Imperial Age |
| 33:52 | Build | Archery Range |
| 34:01 | Create | Villager (Male) ×5 |
| 34:18 | Create | Spearman |
| 34:18 | Create | Spearman |
| 34:19 | Create | Spearman |
| 34:19 | Create | Spearman |
| 34:19 | Create | Spearman |
| 34:19 | Create | Spearman |
| 34:20 | Create | Spearman |
| 34:20 | Create | Spearman |
| 34:49 | Research | Elite Skirmisher (upgrade) |
| 34:54 | Build | Archery Range |
| 35:24 | Build | Castle |
| 35:29 | Create | Villager (Male) ×5 |
| 35:40 | Create | Spearman |
| 36:26 | Research | Forging |
| 36:33 | Research | Gold Shaft Mining |
| 36:34 | Age | Imperial Age |
| 36:38 | Research | Ballistics |
| 36:42 | Create | Skirmisher ×5 |
| 36:42 | Create | Skirmisher ×3 |
| 36:43 | Create | Skirmisher ×3 |
| 36:57 | Create | Spearman |
| 37:43 | Create | Spearman |
Build order — CIA
First 150 of 430 actions detected
| 0:03 | Build | House |
| 0:06 | Build | House |
| 0:07 | Create | Villager (Male) |
| 0:07 | Create | Villager (Male) |
| 0:07 | Create | Villager (Male) |
| 0:07 | Create | Villager (Male) |
| 0:07 | Create | Villager (Male) |
| 0:51 | Research | Loom |
| 1:32 | Create | Villager (Male) |
| 2:24 | Create | Villager (Male) |
| 2:29 | Create | Villager (Male) |
| 2:53 | Create | Villager (Male) |
| 3:13 | Create | Villager (Male) |
| 3:40 | Create | Villager (Male) |
| 3:57 | Build | Settlement |
| 4:04 | Create | Villager (Male) |
| 4:32 | Create | Villager (Male) |
| 5:15 | Create | Villager (Male) |
| 5:37 | Build | Settlement |
| 5:41 | Create | Villager (Male) |
| 6:00 | Create | Villager (Male) |
| 6:00 | Create | Villager (Male) |
| 6:40 | Build | Outpost |
| 6:54 | Build | Settlement |
| 7:00 | Create | Villager (Male) |
| 8:06 | Create | Villager (Male) |
| 8:09 | Create | Villager (Male) |
| 8:56 | Create | Villager (Male) |
| 9:12 | Create | Villager (Male) |
| 10:01 | Build | Barracks |
| 10:09 | Research | Feudal Age |
| 10:09 | Research | Feudal Age |
| 10:11 | Create | Villager (Male) |
| 10:36 | Create | Villager (Male) |
| 12:19 | Age | Feudal Age |
| 12:20 | Build | Market |
| 12:24 | Build | Blacksmith |
| 12:37 | Create | Villager (Male) |
| 12:39 | Create | Villager (Male) |
| 12:49 | Build | Farm |
| 13:01 | Create | Unit 2550 |
| 13:23 | Build | Farm |
| 13:32 | Build | Farm |
| 13:34 | Build | Farm |
| 13:40 | Build | Farm |
| 13:41 | Create | Villager (Male) |
| 13:43 | Build | Farm |
| 14:01 | Build | Farm |
| 14:10 | Build | Farm |
| 14:18 | Research | Tech 1402 |
| 14:28 | Research | Forging |
| 14:28 | Research | Scale Mail Armor |
| 14:37 | Build | Farm |
| 14:56 | Build | Outpost |
| 15:10 | Create | Unit 2550 |
| 15:11 | Create | Unit 2550 |
| 16:00 | Create | Villager (Male) |
| 16:00 | Create | Villager (Male) |
| 16:12 | Build | Farm |
| 16:13 | Build | Farm |
| 16:14 | Build | Farm |
| 16:19 | Build | Farm |
| 16:20 | Build | Farm |
| 16:20 | Build | Farm |
| 16:43 | Create | Unit 2550 |
| 16:44 | Create | Unit 2550 |
| 16:49 | Build | Farm |
| 17:06 | Build | Archery Range |
| 17:12 | Build | Farm |
| 18:16 | Create | Unit 2550 |
| 18:16 | Create | Unit 2550 |
| 18:16 | Create | Unit 2550 |
| 20:05 | Research | Castle Age |
| 21:27 | Build | Stone Wall |
| 21:41 | Research | Double-Bit Axe |
| 21:55 | Create | Unit 2550 |
| 21:56 | Create | Unit 2550 |
| 21:56 | Create | Unit 2550 |
| 21:57 | Create | Unit 2550 |
| 21:58 | Create | Unit 2550 |
| 22:45 | Age | Castle Age |
| 22:46 | Create | Unit 2550 |
| 23:23 | Build | Outpost |
| 23:32 | Create | Villager (Male) |
| 23:32 | Create | Villager (Male) |
| 23:32 | Create | Villager (Male) |
| 23:34 | Create | Villager (Male) |
| 23:40 | Research | Iron Casting |
| 24:48 | Build | Outpost |
| 24:53 | Build | Town Center |
| 24:58 | Create | Villager (Male) |
| 25:27 | Create | Unit 2550 |
| 25:28 | Create | Unit 2550 |
| 26:07 | Build | Barracks |
| 26:13 | Research | Chain Mail Armor |
| 26:20 | Create | Villager (Male) |
| 26:21 | Create | Villager (Male) |
| 26:21 | Create | Villager (Male) |
| 26:21 | Create | Villager (Male) |
| 26:22 | Create | Villager (Male) |
| 26:22 | Create | Villager (Male) |
| 26:23 | Create | Villager (Male) |
| 26:24 | Create | Villager (Male) |
| 26:24 | Create | Villager (Male) |
| 26:24 | Create | Villager (Male) |
| 26:24 | Create | Villager (Male) |
| 26:24 | Create | Villager (Male) |
| 26:25 | Create | Villager (Male) |
| 26:25 | Create | Villager (Male) |
| 27:43 | Research | Tech 1351 |
| 27:45 | Research | Squires |
| 29:04 | Build | Outpost |
| 29:09 | Build | Town Center |
| 29:20 | Create | Villager (Male) |
| 29:20 | Create | Villager (Male) |
| 29:20 | Create | Villager (Male) |
| 29:20 | Create | Villager (Male) |
| 29:21 | Create | Villager (Male) |
| 29:22 | Create | Villager (Male) |
| 29:22 | Create | Villager (Male) |
| 29:23 | Create | Villager (Male) |
| 29:23 | Create | Villager (Male) |
| 29:23 | Create | Villager (Male) |
| 29:23 | Create | Villager (Male) |
| 29:30 | Research | Arson |
| 29:35 | Research | Horse Collar |
| 31:02 | Create | Villager (Male) |
| 31:02 | Create | Villager (Male) |
| 31:02 | Create | Villager (Male) |
| 31:02 | Create | Villager (Male) |
| 31:03 | Create | Villager (Male) |
| 31:07 | Research | Wheelbarrow |
| 31:14 | Build | House |
| 31:15 | Build | House |
| 31:16 | Build | House |
| 31:16 | Build | House |
| 31:21 | Build | House |
| 31:21 | Build | House |
| 31:21 | Build | House |
| 31:22 | Build | House |
| 31:22 | Build | House |
| 31:22 | Build | House |
| 31:22 | Build | House |
| 31:56 | Create | Unit 2550 |
| 31:56 | Create | Unit 2550 |
| 31:56 | Create | Unit 2550 |
| 31:56 | Create | Unit 2550 |
| 31:57 | Create | Unit 2550 |
| 31:57 | Create | Unit 2550 |
| 31:57 | Create | Unit 2550 |
Build order — zeron
First 150 of 534 actions detected
| 0:03 | Create | Villager (Male) |
| 0:03 | Create | Villager (Male) |
| 0:04 | Build | House |
| 0:07 | Build | House |
| 0:19 | Build | House |
| 0:27 | Create | Villager (Male) |
| 0:27 | Create | Villager (Male) |
| 0:42 | Build | House |
| 1:23 | Create | Villager (Male) |
| 1:41 | Create | Villager (Male) |
| 2:22 | Create | Villager (Male) |
| 2:26 | Create | Villager (Male) |
| 2:36 | Build | Lumber Camp |
| 3:12 | Create | Villager (Male) |
| 3:13 | Create | Villager (Male) |
| 3:13 | Create | Villager (Male) |
| 3:46 | Create | Villager (Male) |
| 4:21 | Build | Mill |
| 4:49 | Research | Loom |
| 5:24 | Create | Villager (Male) |
| 5:25 | Create | Villager (Male) |
| 5:26 | Create | Villager (Male) |
| 5:31 | Create | Villager (Male) |
| 5:33 | Create | Villager (Male) |
| 5:49 | Create | Villager (Male) |
| 5:50 | Create | Villager (Male) |
| 5:58 | Create | Villager (Male) |
| 6:33 | Build | Palisade Wall |
| 6:50 | Create | Villager (Male) |
| 7:22 | Create | Villager (Male) |
| 7:34 | Build | House |
| 7:43 | Create | Villager (Male) |
| 8:03 | Create | Villager (Male) |
| 8:23 | Create | Villager (Male) |
| 8:32 | Build | Mining Camp |
| 8:47 | Build | House |
| 8:59 | Create | Villager (Male) |
| 9:17 | Build | House |
| 9:24 | Build | Mining Camp |
| 9:39 | Create | Villager (Male) |
| 9:40 | Create | Villager (Male) |
| 10:12 | Research | Feudal Age |
| 10:20 | Build | Farm |
| 10:21 | Build | Farm |
| 10:42 | Build | Farm |
| 10:44 | Build | Farm |
| 10:46 | Build | Farm |
| 11:46 | Create | Villager (Male) |
| 11:46 | Create | Villager (Male) |
| 12:39 | Age | Feudal Age |
| 12:43 | Build | Market |
| 12:54 | Build | Blacksmith |
| 13:02 | Build | Farm |
| 13:37 | Research | Castle Age |
| 13:37 | Research | Castle Age |
| 13:40 | Research | Double-Bit Axe |
| 14:01 | Build | Stone Wall |
| 14:05 | Build | Stone Wall |
| 14:07 | Build | Stone Wall |
| 14:42 | Build | Stone Wall |
| 15:19 | Build | Palisade Wall |
| 15:20 | Build | Palisade Wall |
| 15:32 | Build | Barracks |
| 15:46 | Create | Villager (Male) |
| 16:08 | Build | Stone Wall |
| 16:10 | Build | Stone Wall |
| 16:17 | Age | Castle Age |
| 16:22 | Build | Town Center |
| 16:28 | Research | Bow Saw |
| 16:45 | Build | Gate |
| 16:51 | Create | Villager (Male) |
| 16:53 | Create | Villager (Male) |
| 17:11 | Create | Villager (Male) |
| 17:48 | Create | Villager (Male) |
| 17:51 | Build | Town Center |
| 18:00 | Create | Villager (Male) |
| 18:16 | Create | Villager (Male) |
| 18:17 | Create | Villager (Male) |
| 18:35 | Create | Villager (Male) |
| 18:43 | Build | Stone Wall |
| 18:46 | Build | Stone Wall |
| 19:04 | Create | Villager (Male) |
| 19:19 | Build | Castle |
| 19:21 | Create | Villager (Male) |
| 20:13 | Create | Villager (Male) |
| 20:35 | Create | Villager (Male) |
| 20:35 | Create | Villager (Male) |
| 20:44 | Create | Villager (Male) |
| 21:28 | Build | Gate |
| 21:35 | Build | Farm |
| 21:35 | Build | Farm |
| 21:36 | Build | Farm |
| 21:36 | Build | Farm |
| 21:36 | Build | Farm |
| 21:36 | Build | Farm |
| 21:37 | Build | Farm |
| 21:37 | Build | Farm |
| 21:50 | Create | Ghulam |
| 22:25 | Build | Farm |
| 22:28 | Build | Farm |
| 22:28 | Build | Farm |
| 22:28 | Build | Farm |
| 22:28 | Build | Farm |
| 22:29 | Build | Farm |
| 22:30 | Create | Villager (Male) |
| 22:51 | Create | Ghulam |
| 22:52 | Create | Ghulam |
| 23:05 | Build | House |
| 23:16 | Create | Ghulam |
| 23:17 | Create | Ghulam |
| 23:28 | Build | Farm |
| 23:28 | Build | Farm |
| 23:29 | Build | Farm |
| 23:29 | Build | Farm |
| 23:31 | Create | Ghulam |
| 23:41 | Create | Ghulam |
| 23:42 | Create | Ghulam |
| 24:22 | Create | Ghulam |
| 24:23 | Create | Ghulam |
| 24:55 | Create | Villager (Male) |
| 24:55 | Create | Villager (Male) |
| 25:18 | Build | Farm |
| 25:19 | Build | Farm |
| 25:19 | Build | Farm |
| 25:19 | Build | Farm |
| 25:19 | Build | Farm |
| 25:20 | Build | Farm |
| 25:21 | Create | Villager (Male) |
| 25:37 | Create | Villager (Male) |
| 25:39 | Build | Farm |
| 25:41 | Create | Villager (Male) |
| 25:49 | Create | Villager (Male) |
| 26:04 | Create | Villager (Male) |
| 26:17 | Build | Farm |
| 26:17 | Build | Farm |
| 26:17 | Build | Farm |
| 26:18 | Build | Farm |
| 26:18 | Build | Farm |
| 26:18 | Build | Farm |
| 26:19 | Build | Farm |
| 26:19 | Build | Farm |
| 26:26 | Create | Villager (Male) |
| 26:46 | Create | Villager (Male) |
| 26:49 | Build | Farm |
| 26:49 | Build | Farm |
| 26:49 | Build | Farm |
| 26:50 | Build | Farm |
| 26:50 | Build | Farm |
| 26:51 | Create | Villager (Male) |
| 27:00 | Create | Villager (Male) |
Match timeline
| 4:02 | kerems · wall_segment Palisade Wall x30 |
| 6:33 | zeron · wall_segment Palisade Wall x1 |
| 8:57 | KOMODOR · first_building Barracks |
| 10:01 | CIA · first_building Barracks |
| 10:38 | 中年不油妮 · age_up feudal |
| 10:39 | Darkwarrior · age_up feudal |
| 10:46 | Darkwarrior · first_building Barracks |
| 12:19 | CIA · age_up feudal |
| 12:39 | zeron · age_up feudal |
| 12:42 | aDiGe · age_up feudal |
| 12:54 | fbaha · age_up feudal |
| 13:00 | aDiGe · wall_segment Stone Wall x1 |
| 13:02 | kerems · age_up feudal |
| 13:09 | aDiGe · wall_segment Stone Wall x20 |
| 13:13 | kerems · wall_segment Stone Wall x30 |
| 14:01 | zeron · wall_segment Stone Wall x14 |
| 14:05 | zeron · wall_segment Stone Wall x3 |
| 14:07 | zeron · wall_segment Stone Wall x6 |
| 14:12 | KOMODOR · age_up feudal |
| 14:20 | 中年不油妮 · age_up castle |
| 14:42 | zeron · wall_segment Stone Wall x16 |
| 14:48 | KOMODOR · first_building Siege Workshop |
| 15:19 | zeron · wall_segment Palisade Wall x1 |
| 15:20 | zeron · wall_segment Palisade Wall x1 |
| 15:32 | zeron · first_building Barracks |
| 16:08 | zeron · wall_segment Stone Wall x7 |
| 16:10 | zeron · wall_segment Stone Wall x3 |
| 16:17 | zeron · age_up castle |
| 17:06 | CIA · first_building Archery Range |
| 18:30 | zeron · first_market_buy 100 stone |
| 18:43 | zeron · wall_segment Stone Wall x6 |
| 18:46 | zeron · wall_segment Stone Wall x1 |
| 19:08 | zeron · first_market_sell 100 wood |
| 19:19 | zeron · first_building Castle |
| 19:19 | kerems · first_building Barracks |
| 19:42 | fbaha · first_market_buy 500 food |
| 19:44 | fbaha · first_market_sell 100 wood |
| 20:08 | aDiGe · first_building Barracks |
| 20:37 | kerems · age_up castle |
| 20:39 | kerems · first_market_buy 100 food |
| 20:55 | kerems · first_building Siege Workshop |
| 20:57 | Darkwarrior · age_up castle |
| 21:01 | Darkwarrior · first_building Krepost |
| 21:27 | CIA · wall_segment Stone Wall x1 |
| 22:12 | 中年不油妮 · first_building Monastery |
| 22:45 | CIA · age_up castle |
| 23:04 | fbaha · age_up castle |
| 23:10 | kerems · wall_segment Stone Wall x28 |
| 23:14 | aDiGe · age_up castle |
| 23:38 | fbaha · first_building Monastery |
| 24:04 | Darkwarrior · first_building Stable |
| 24:04 | aDiGe · wall_segment Stone Wall x14 |
| 24:20 | aDiGe · wall_segment Stone Wall x5 |
| 24:27 | 中年不油妮 · first_building Barracks |
| 24:51 | aDiGe · first_building Castle |
| 25:55 | fbaha · first_building Castle |
| 26:08 | 中年不油妮 · first_building Castle |
| 26:26 | 中年不油妮 · first_building Stable |
| 26:45 | Darkwarrior · first_building Siege Workshop |
| 27:07 | 中年不油妮 · age_up imperial |
| 27:08 | fbaha · first_building Siege Workshop |
| 27:28 | 中年不油妮 · first_building Archery Range |
| 27:43 | aDiGe · first_market_buy 100 food |
| 28:49 | KOMODOR · age_up castle |
| 29:00 | zeron · wall_segment Stone Wall x6 |
| 29:05 | fbaha · first_building Barracks |
| 29:16 | kerems · wall_segment Stone Wall x14 |
| 29:23 | kerems · wall_segment Stone Wall x13 |
| 29:34 | fbaha · first_building Stable |
| 30:20 | Darkwarrior · first_building Monastery |
| 30:38 | zeron · wall_segment Stone Wall x10 |
| 30:48 | KOMODOR · first_building Castle |
| 31:09 | zeron · wall_segment Palisade Wall x1 |
| 31:17 | zeron · wall_segment Stone Wall x7 |
| 32:10 | aDiGe · age_up imperial |
| 32:36 | aDiGe · first_market_sell 500 wood |
| 32:49 | Darkwarrior · first_building Castle |
| 32:58 | 中年不油妮 · first_building Siege Workshop |
| 33:43 | zeron · first_building Siege Workshop |
| 33:52 | kerems · first_building Archery Range |
| 34:13 | aDiGe · first_building Siege Workshop |
| 35:11 | zeron · age_up imperial |
| 35:24 | kerems · first_building Castle |
| 35:46 | zeron · wall_segment Stone Wall x5 |
| 35:51 | zeron · wall_segment Stone Wall x4 |
| 36:02 | zeron · wall_segment Stone Wall x4 |
| 36:09 | zeron · wall_segment Stone Wall x6 |
| 36:23 | KOMODOR · first_building Stable |
| 36:28 | CIA · first_building Castle |
| 36:30 | zeron · wall_segment Stone Wall x1 |
| 36:31 | zeron · wall_segment Stone Wall x1 |
| 36:33 | zeron · wall_segment Stone Wall x1 |
| 36:34 | kerems · age_up imperial |
| 37:45 | Darkwarrior · age_up imperial |
| 38:17 | fbaha · age_up imperial |
| 38:36 | KOMODOR · age_up imperial |
| 39:43 | kerems · wall_segment Stone Wall x33 |
| 40:20 | kerems · wall_segment Stone Wall x3 |
| 40:29 | Darkwarrior · first_market_sell 500 wood |
| 40:48 | zeron · first_building Stable |
| 43:24 | CIA · age_up imperial |
| 45:19 | fbaha · resign |
| 49:21 | Darkwarrior · first_market_buy 500 stone |
[ AI ANALYSIS · 1 CREDIT ]
What really happened in this match?
Wolo.gg analyzes every decision: build order, eco, micro, common mistakes by bracket. Personalized analysis on WhatsApp or Discord in 30 seconds.
Civ guide
Berbers
Map guide
Hideout
Perfil
Jugador #15456399